 Dungeon Crawl Stone Soup version 0.19.1 (webtiles) character file.

1036 Woebin the Covert (level 8, -1/57 HPs)
             Began as a Vampire Assassin on Nov 15, 2016.
             Was a Priest of Lugonu.
             Slain by an orc
             ... wielding a +0 war axe of chopping
              (2 damage)
             ... on level 5 of the Dungeon on Nov 30, 2016.
             The game lasted 00:26:45 (5788 turns).

Woebin the Covert (Vampire Assassin)                Turns: 5788, Time: 00:26:46

Health: -1/57      AC:  6    Str: 10    XL:     8   Next: 4%
Magic:  7/8        EV: 20    Int: 13    God:    Lugonu [***...]
Gold:   218        SH:  5    Dex: 23    Spells: 1 memorised, 6 levels left

rFire  . . .     SeeInvis +     d - +0 short sword (speed)
rCold  + + .     Gourm    .     q - +0 robe
rNeg   + + +     Faith    .     (no shield)
rPois  ∞         Spirit   .     D - +0 helmet
rElec  .         Reflect  +     F - +0 cloak
rCorr  .         Harm     .     (no gloves)
MR     .....     Clarity  +     (no boots)
Stlth  ++++++++..               g - +5 amulet of reflection
                                (no ring)
                                (no ring)

@: agile, bloodless, non-regenerating
A: fangs 3, iridescent scales 1, see invisible, clarity, low mp 1, poison
resistance, unbreathing, evolution 1
a: Bat Form, Depart the Abyss, Bend Space, Banish, Renounce Religion


You were on level 5 of the Dungeon.
You worshipped Lugonu.
Lugonu was most pleased with you.
You were bloodless.

You visited 1 branch of the dungeon, and saw 5 of its levels.
You also visited: Sewer.

You collected 218 gold pieces.

Inventory:

Hand Weapons
 a - a +1 dagger of protection
 b - a +0 blowgun
 c - a +0 longbow of flaming
 d - a +0 short sword of speed (weapon)
 v - a +2 dagger
Missiles
 e - 21 poisoned needles
 f - a curare-tipped needle
 h - 13 bolts
 l - 34 arrows
Armour
 q - a +0 robe (worn)
 D - a +0 helmet (worn)
 F - a +0 cloak (worn)
Jewellery
 g - a +5 amulet of reflection (around neck)
 A - an uncursed ring of fire {unknown}
Scrolls
 i - 7 scrolls of identify
 n - a scroll of blinking
 o - 2 scrolls of remove curse
 p - a scroll of teleportation {unknown}
 r - 2 scrolls of amnesia {unknown}
 s - a scroll of immolation {unknown}
 y - a scroll of magic mapping {unknown}
 B - 2 scrolls of fear {unknown}
 C - a scroll of holy word {unknown}
Potions
 j - 2 potions of curing
 m - a potion of haste
 w - a potion of ambrosia {unknown}
 z - a potion of brilliance {unknown}
 E - a potion of heal wounds {unknown}
Books
 x - a book of Minor Magic

   Spells                             Type                      Level
   a - Magic Dart                     Conjuration                  1
   b - Blink                          Translocation                2
   c - Call Imp                       Summoning                    2
   d - Repel Missiles                 Charms/Air                   2
   e - Slow                           Hexes                        2
   f - Conjure Flame                  Conjuration/Fire             3
   g - Mephitic Cloud                 Conjuration/Poison/Air       3


   Skills:
 + Level 2.8 Fighting
 + Level 4.5 Short Blades
 + Level 0.4 Bows
 + Level 2.2 Throwing
 + Level 3.9 Dodging
 * Level 11.7 Stealth
 + Level 0.6 Spellcasting
 + Level 1.1 Summonings


You had 6 spell levels left.
You knew the following spells:

 Your Spells              Type           Power        Failure   Level  Hunger
a - Call Imp              Summ           #.......     30%         2    ###....


Dungeon Overview and Level Annotations

Branches:
Dungeon (5/15)             Temple (0/1) D:4

Altars:
Qazlal
Uskayaw
Xom
Lugonu

Annotations:
D:5 dscm's ghost, weakling FoFi


Innate Abilities, Weirdness & Mutations

You do not heal naturally.
You are immune to poison.
You have razor-sharp teeth.
You have supernaturally acute eyesight. (SInv)
You can survive without breathing.
You are partially covered in iridescent scales. (AC +2)
You possess an exceptional clarity of mind.
Your magical capacity is low. (-10% MP)
Your system is resistant to poisons. (rPois)
You evolve.


Message History

You are very lightly contaminated with residual magic.
It was a potion of might.
You feel very mighty all of a sudden.
You barely miss the orc.
The orc is heavily wounded.
The orc hits you with a war axe of chopping.
* * * LOW HITPOINT WARNING * * *
x2 You barely miss the orc.
The orc is heavily wounded.
It was a potion of cancellation.
Your magical effects are unravelling.
You feel magically purged.
Your magical contamination has completely faded away.
You feel yourself slow down.
You feel a little less mighty now. The gnoll barely misses you.
It was a potion of agility.
You feel agile all of a sudden.
The orc hits you with a war axe of chopping!
* * * LOW HITPOINT WARNING * * *
You die...

............)......♣.♣PPP..♣♣♣♣≈.
....##.....5...#.#♣.P..P♣....§.♣♣
....##.......#.#..♣.P.♣..P.P..♣§♣
.##..........#.#.♣.♣♣..♣..♣♣♣♣♣♣P
.##........###.#..P♣P.....P♣.P♣ .
...........# #....P♣..P....♣.♣♣ ♣
.....).....# #...♣♣P........♣..
.......#...# #..o#P..P.#..8P.♣ ♣
...........# #..@#.♣.......♣.♣.♣
.....#.....###..<#P♣P#...#).P..♣
.....#.........)g..P.........♣
.....#..........W#.PP.._..♣P♣♣
.%....#'###......##♣........)♣
......#.# #......##♣.#...#♣.....#
......#.# #......#..P......♣P♣.P#
......#'###.......♣♣P..#....P♣ ..
..........#......♣♣§♣......♣♣♣


You could see dscm's ghost, a gnoll and an orc.

Vanquished Creatures
  Sigmund (D:2)
  Menkaure (D:5)
  A bullfrog (Sewer)
  Blork the orc (D:5)
  3 orc priests
  A hound (D:5)
  An orc wizard (D:4)
  2 bullfrog skeletons (D:4)
  An iguana (D:4)
  4 worker ants (D:4)
  6 gnolls
  9 adders
  3 river rats
  A worm (D:3)
  3 dart slugs (D:1)
  7 leopard geckos
  6 orcs
  3 ball pythons
  14 giant cockroaches
  9 goblins
  8 hobgoblins
  3 quokkas
  4 bats
  7 frilled lizards
  7 kobolds
  4 rats
110 creatures vanquished.

Vanquished Creatures (collateral kills)
  A hound (D:5)
  An orc wizard (D:4)
  A leopard gecko (Sewer)
  A frilled lizard (Sewer)
4 creatures vanquished.

Vanquished Creatures (others)
  A plant (D:5)
1 creature vanquished.

Grand Total: 115 creatures vanquished

Notes
Turn   | Place    | Note
-------+----------+-------------------------------------------
     0 | D:1      | Woebin the Vampire Assassin began the quest for the Orb.
     0 | D:1      | Reached XP level 1. HP: 16/16 MP: 1/1
     9 | D:1      | Reached skill level 6 in Stealth
   107 | D:1      | Reached XP level 2. HP: 22/22 MP: 2/2
   279 | D:1      | Found a shimmering altar of Xom.
   594 | D:1      | Reached skill level 7 in Stealth
  1112 | D:2      | Reached XP level 3. HP: 27/27 MP: 3/3
  1121 | D:2      | Found a faded altar of an unknown god.
  1127 | D:2      | Became a worshipper of Lugonu the Unformed
  1127 | D:2      | Reached * piety under Lugonu
  1127 | D:2      | Reached ** piety under Lugonu
  1136 | D:2      | Upgraded the game from 0.19.0-19-g8c6edcc to 0.19.1
  1269 | D:2      | Noticed Sigmund
  1295 | D:2      | Killed Sigmund
  1295 | D:2      | Reached skill level 9 in Stealth
  1295 | D:2      | Reached XP level 4. HP: 29/33 MP: 4/4
  1295 | D:2      | Reached XP level 5. HP: 33/38 MP: 5/5
  2111 | D:3      | Found a stormy altar of Qazlal.
  2247 | D:3      | Reached XP level 6. HP: 36/45 MP: 6/6
  3230 | D:4      | Reached *** piety under Lugonu
  3230 | D:4      | Reached skill level 10 in Stealth
  3388 | D:4      | Found a staircase to the Ecumenical Temple.
  3398 | D:4      | Found a hide-covered altar of Uskayaw.
  3697 | D:4      | Found a glowing drain.
  3712 | Sewer    | Entered a sewer
  3717 | Sewer    | Learned a level 2 spell: Call Imp
  4085 | Sewer    | Reached XP level 7. HP: 51/51 MP: 7/7
  4368 | D:4      | Reached skill level 11 in Stealth
  4407 | D:4      | Gained mutation: You evolve. [potion of mutation]
  4407 | D:4      | Gained mutation: Your magical capacity is low. (-10% MP) [potion of mutation]
  4408 | D:4      | Gained mutation: Your system is resistant to poisons. (rPois) [potion of mutation]
  4409 | D:4      | Gained mutation: You possess an exceptional clarity of mind. [potion of mutation]
  4409 | D:4      | Gained mutation: You are partially covered in iridescent scales. (AC +2) [potion of mutation]
  4869 | D:5      | Entered Level 5 of the Dungeon
  4869 | D:5      | Found a hide-covered altar of Uskayaw.
  4973 | D:5      | Reached **** piety under Lugonu
  5048 | D:5      | Noticed Menkaure
  5459 | D:5      | Killed Menkaure
  5607 | D:5      | Noticed dscm's ghost (weakling FoFi)
  5644 | D:5      | Reached skill level 1 in Summonings
  5645 | D:5      | Noticed Blork the orc
  5657 | D:5      | Killed Blork the orc
  5657 | D:5      | Reached XP level 8. HP: 47/57 MP: 6/8
  5788 | D:5      | HP: 1/57 [orc/war axe of chopping (9)]
  5788 | D:5      | Slain by an orc

Skill      XL: |  1  2  3  4  5  6  7 |
---------------+----------------------+-----
Stealth        | 6 7 9 10 11 | 11.7
Fighting       | 2 |  2.8
Short Blades   | 3 4 |  4.5
Dodging        | 2 3 |  3.9
Throwing       | 2 |  2.2
Summonings     | 1 |  1.1
Bows           | |  0.4
Spellcasting   | |  0.6

Action                   |  1- 3 |  4- 6 |  7- 9 || total
-------------------------+-------+-------+-------++-------
Melee: Dagger            |    63 |   249 |   185 ||   497
       Bite              |     3 |    21 |    32 ||    56
       Short sword       |       |       |    28 ||    28
 Fire: Blowgun           |    10 |    13 |       ||    23
       Longbow           |       |       |     4 ||     4
 Cast: Call Imp          |       |     1 |     7 ||     8
 Abil: End Transformatio |       |       |     1 ||     1
       Bat Form          |       |       |     1 ||     1
  Use: Scroll            |       |     2 |       ||     2
       Potion            |       |       |     8 ||     8
 Stab: Sleeping          |     6 |    24 |     7 ||    37
       Distracted        |       |     1 |     3 ||     4
  Eat: Corpse            |       |     3 |     2 ||     5
Armor: Robe              |    20 |    56 |    28 ||   104
Dodge: Dodged            |    50 |   122 |    92 ||   264
Block: Other             |       |    27 |    27 ||    54
